 Dungeon Crawl Stone Soup version 0.17-a0-2073-gde5cdba (webtiles) character file.

69 Gruud the Insei (level 4, -2/32 HPs)
             Began as a Demonspawn Transmuter on Oct 15, 2015.
             Slain by an orc
             ... wielding a +0 flail
              (4 damage)
             ... on level 4 of the Dungeon.
             The game lasted 00:04:19 (1167 turns).

Gruud the Insei (Demonspawn Transmuter)             Turns: 1167, Time: 00:04:20

Health: -2/32      AC:  2    Str: 13    XL:     4   Next: 2%
Magic:  11/14      EV:  9    Int: 15    God:
Gold:   97         SH:  0    Dex: 14    Spells: 2 memorised, 4 levels left

rFire  . . .     SeeInvis .       - Unarmed
rCold  + . .     Clarity  .     b - +0 robe
rNeg   . . .     SustAt   .     (no shield)
rPois  .         Gourm    .     (no helmet)
rElec  .         Spirit   .     (no cloak)
rCorr  .         Warding  .     (no gloves)
rMut   .         Stasis   .     (no boots)
MR     .....                    (no amulet)
Stlth  +.........               m - ring of magical power (curse)
                                f - ring of protection from cold

@: mighty, constricted, not resistant to hostile enchantments, very unstealthy
A: claws 1, low mp 2, powered by death 1, weak 1
a: no special abilities


You were on level 4 of the Dungeon.
You were not hungry.

You visited 1 branch of the dungeon, and saw 3 of its levels.

You collected 97 gold pieces.

Inventory:

Missiles
 a - 10 arrows
 o - 13 poisoned needles
Armour
 b - a +0 robe (worn)
Jewellery
 f - a ring of protection from cold (left claw)
 m - a cursed ring of magical power (right claw)
Scrolls
 e - a scroll of enchant weapon {unknown}
 j - a scroll of noise {unknown}
 l - a scroll of identify {unknown}
 n - a scroll of fog {unknown}
Books
 c - a book of Changes

   Spells                             Type                      Level
   a - Beastly Appendage              Transmutation                1
   b - Sticks to Snakes               Transmutation                2
   c - Spider Form                    Transmutation/Poison         3
   d - Ice Form                       Ice/Transmutation            4
   e - Blade Hands                    Transmutation                5
Comestibles
 d - a bread ration
 g - a slice of pizza
 h - 5 chunks of flesh


   Skills:
 - Level 1.0 Fighting
 - Level 1.7 Dodging
 * Level 3.4 Unarmed Combat
 - Level 2.0 Spellcasting
 * Level 3.2 Transmutations


You had 4 spell levels left.
You knew the following spells:

 Your Spells              Type           Power        Failure   Level  Hunger
a - Beastly Appendage     Trmt           ##....       8%          1    #......
b - Sticks to Snakes      Trmt           ##........   12%         2    ###....


Dungeon Overview and Level Annotations

Branches:
Dungeon (4/15)
 Temple: D:4-7

Altars:


Innate Abilities, Weirdness & Mutations

You have sharp fingernails.
You regenerate a little health from kills.
Your magical capacity is very low (-20% MP).
You are weak. (Str -2)


Message History

The orc priest closely misses you.
Your ball python barely misses the orc.
Your ball python grabs the orc.
Your ball python constricts the orc.
The ball python completely misses you. The ball python grabs you.
The ball python constricts you. The orc hits you with a flail.
* * * LOW HITPOINT WARNING * * *
You punch the orc priest!
You kill the orc priest!
Your Transmutations skill increases to level 3!
You have reached level 4!
You feel clever.
Your demonic ancestry asserts itself...
Your fingernails lengthen.
The orc hits you.
* * * LOW HITPOINT WARNING * * *
The orc hits you with a hand axe.
* * * LOW HITPOINT WARNING * * *
Your ball python bites the orc but does no damage.
Your ball python constricts the orc.
The ball python bites you but does no damage.
The ball python constricts you. The orc hits you with a flail.
You die...

#..# #..##
##...##### #
##........#
..##.........#
.............#
......aoo..#
......o@.).#
.####SS....#
##......#
#.###### ##


You could see a worker ant, 3 orcs, a ball python and a friendly ball python.

Vanquished Creatures
  An orc priest (D:4)
  An adder (D:2)
  An orc (D:1)
  A ball python (D:1)
  6 goblins
  4 hobgoblins
  A giant cockroach (D:2)
  A giant gecko (D:1)
  4 kobolds
  4 rats
24 creatures vanquished.

Vanquished Creatures (collateral kills)
  An adder (D:2)
1 creature vanquished.

Grand Total: 25 creatures vanquished

Notes
Turn   | Place    | Note
--------------------------------------------------------------
     0 | D:1      | Gruud the Demonspawn Transmuter began the quest for the Orb.
     0 | D:1      | Reached XP level 1. HP: 15/15 MP: 3/3
   650 | D:1      | Gained mutation: You regenerate a little health from kills. [demonic ancestry]
   650 | D:1      | Reached XP level 2. HP: 18/21 MP: 5/5
   697 | D:1      | Reached skill level 3 in Unarmed Combat
   753 | D:1      | Learned a level 2 spell: Sticks to Snakes
   983 | D:2      | Reached XP level 3. HP: 26/26 MP: 6/6
  1070 | D:2      | Found a faded altar to an unknown god.
  1160 | D:2      | You fall through a shaft for 2 floors!
  1161 | D:4      | Gained mutation: Your magical capacity is low (-10% MP). [potion of mutation]
  1161 | D:4      | Gained mutation: Your magical capacity is very low (-20% MP). [potion of mutation]
  1161 | D:4      | Gained mutation: You are weak. (Str -2) [potion of mutation]
  1167 | D:4      | Gained mutation: You have sharp fingernails. [demonic ancestry]
  1167 | D:4      | Reached XP level 4. HP: 4/32 MP: 5/5
  1167 | D:4      | Slain by an orc

Vault maps used:
D:1:      dpeg_arrival_three_smaller_balls
D:2:      ecumenical_altar_2
D:4:      uniq_pikel

Action                   |  1- 3 |  4- 6 || total
-------------------------+-------+-------++-------
Melee: Unarmed           |    88 |       ||    88
 Cast: Beastly Appendage |     7 |       ||     7
       Sticks to Snakes  |     2 |       ||     2
  Use: Potion            |     2 |       ||     2
 Stab: Distracted        |     1 |       ||     1
  Eat: Chunk             |     1 |       ||     1
